Map: Odyseja ER

Players

Angry - Winner!

  • Race: Terran Terran
  • League: Master
  • Spawn Location: 5:00

Barkas

  • Race: Terran Terran
  • League: Diamond
  • Spawn Location: 11:00

VOD

Have the link to the VOD?

Description

Time

  • Played on: May 20, 2017, 12:59 p.m.
  • Length: 13:25
Show
View Real Time Build Order
Export as new Build Order

Angry Terran - Winner!

Build Orders: 1/1/1 

Get SALT Encoding   

  12  0:00  SCV  
  13  0:13  SCV  
  14  0:17  Supply Depot  
  14  0:25  SCV  
  15  0:29  Refinery  
  15  0:38  SCV  
  16  0:45  Barracks  
  16  0:51  SCV  
  16  0:56  Refinery  
  17  1:03  SCV  
  18  1:15  SCV  
  19  1:32  Orbital Command  
  19  1:33  Reaper  
  19  1:38  Factory  
  20  1:44  Supply Depot  
  20  1:58  SCV  
  21  2:05  Reaper  
  22  2:10  SCV  
  23  2:23  SCV, Hellion  
  23  2:24  Starport  
  26  2:33  Supply Depot  
  26  2:35  SCV  
  27  2:38  Barracks Reactor  
  27  2:47  SCV, Factory Tech Lab  
  28  2:59  SCV  
  29  3:18  Command Center  
  29  3:25  SCV  
  30  3:29  Raven  
  32  3:37  SCV  
  33  3:45  Cyclone x2  
  39  4:03  Supply Depot  
  39  4:23  Raven  
  39  4:25  SCV, Hellion x2  
  44  4:35  Orbital Command  
  44  4:37  SCV  
  45  4:40  Command Center  
  45  4:43  Supply Depot  
  45  4:49  SCV  
  46  4:53  Cyclone  
  46  4:58  Cyclone  
  50  5:01  SCV  
  51  5:11  SCV  
  51  5:13  SCV, Refinery  
  53  5:14  Refinery  
  53  5:23  SCV  
  53  5:28  SCV  
  55  5:33  Supply Depot  
  55  5:35  SCV  
  56  5:38  Armory  
  56  5:39  Supply Depot  
  56  5:40  SCV, Factory  
  57  5:43  Starport Reactor  
  57  5:47  SCV, Hellion x2  
  62  5:52  SCV  
  63  5:57  Supply Depot  
  63  5:59  SCV, Supply Depot  
  64  6:07  Orbital Command  
  64  6:09  SCV  
  65  6:14  Cyclone x2  
  71  6:20  SCV  
  72  6:26  Orbital Command  
  72  6:30  Infernal Pre-Igniter  
  72  6:31  Siege Tank  
  75  6:34  SCV  
  75  6:35  SCV  
  75  6:37  Supply Depot  
  77  6:47  Terran Vehicle Weapons Level 1  
  77  6:48  Hellion  
  77  6:49  Hellion  
  77  6:50  SCV  
  77  6:51  SCV  
  77  6:52  SCV  
  84  7:03  SCV x2, Viking  
  84  7:04  SCV  
  84  7:05  Viking  
  91  7:11  Supply Depot  
  91  7:15  SCV  
  92  7:16  SCV  
  93  7:23  Hellion x2  
  93  7:24  Siege Tank  
  93  7:28  SCV x2  
  93  7:29  SCV  
  103  7:35  Viking x2  
  103  7:36  Supply Depot  
  107  7:38  Engineering Bay  
  107  7:40  SCV x2  
  109  7:46  SCV, Hellion x2  
  114  7:52  SCV  
  114  7:53  SCV  
  114  7:55  Refinery x2  
  114  7:57  Supply Depot  
  114  7:58  SCV, Supply Depot  
  116  8:04  SCV  
  116  8:05  SCV  
  119  8:06  Siege Tank  
  119  8:10  SCV  
  123  8:16  SCV  
  123  8:17  Hellion x2  
  126  8:30  Factory x2  
  126  8:39  Siege Tank  
  120  8:43  Hellion x2  
  108  8:51  Viking x2  
  108  8:52  SCV  
  108  8:53  SCV  
  114  8:58  Factory  
  114  9:01  SCV  
  115  9:04  SCV, Terran Vehicle Weapons Level 2  
  115  9:06  SCV  
  117  9:13  SCV  
  117  9:17  SCV  
  119  9:19  Command Center  
  119  9:24  Medivac x2  
  119  9:25  Factory Reactor  
  119  9:26  Factory Tech Lab  
  119  9:27  SCV, Siege Tank  
  119  9:29  SCV  
  119  9:30  Supply Depot  
  119  9:31  Supply Depot  
  128  9:32  Command Center  
  128  9:37  SCV  
  128  9:38  Hellion x2  
  133  9:48  SCV  
  134  9:53  Missile Turret, Factory Tech Lab, Siege Tank  
  134  9:55  Missile Turret x2  
  134  9:57  Sensor Tower  
  137  10:00  Missile Turret  
  137  10:01  Missile Turret  
  139  10:07  Hellion x4  
  139  10:09  Medivac x2, Siege Tank  
  139  10:13  SCV  
  153  10:20  Armory  
  153  10:21  Supply Depot  
  153  10:25  Missile Turret  
  153  10:27  Missile Turret x2  
  153  10:30  Hellion x5  
  161  10:48  SCV  
  162  10:50  Siege Tank  
  162  10:51  SCV, Siege Tank, Hellion x2  
  173  11:02  Medivac, Siege Tank, Hellion x2  
  180  11:23  Siege Tank x2  
  186  11:31  Planetary Fortress  
  192  11:40  Siege Tank, Hellion x3  
  192  11:42  Missile Turret  
  192  11:43  Refinery  
  192  11:45  Starport  
  192  11:46  Sensor Tower, Refinery  
  195  11:50  Refinery  
  195  11:53  Starport, Refinery  
  195  11:55  Viking x2  
  199  12:13  Planetary Fortress  
  199  12:20  Hellion  
  199  12:21  Starport Tech Lab  
  197  12:35  Viking  
  197  12:36  Starport Tech Lab  
  199  13:00  Command Center  
Show
View Real Time Build Order
Export as new Build Order

Barkas Terran 

Build Orders: Reaper Expand 

Get SALT Encoding   

  12  0:01  SCV  
  13  0:13  SCV  
  14  0:17  Supply Depot  
  14  0:31  SCV  
  15  0:43  SCV, Barracks  
  16  0:50  Refinery  
  16  0:59  SCV  
  17  1:13  SCV  
  18  1:25  SCV  
  19  1:33  Reaper  
  19  1:37  Orbital Command  
  20  1:44  Command Center  
  20  2:04  SCV  
  20  2:05  Barracks  
  21  2:13  Barracks Reactor  
  20  2:20  SCV  
  20  2:22  Supply Depot  
  21  2:31  Refinery, Factory  
  21  2:33  SCV  
  22  2:45  SCV  
  23  2:55  Marine x2  
  23  2:56  Barracks Tech Lab  
  23  2:57  SCV  
  26  2:59  Orbital Command  
  26  3:13  Orbital Command  
  25  3:22  Marine x2  
  25  3:25  Marine  
  28  3:27  Factory Tech Lab  
  28  3:32  Starport  
  28  3:39  SCV x2, Marine  
  31  4:00  Bunker  
  31  4:01  SCV x2  
  33  4:04  Marine x2  
  33  4:05  Marine  
  36  4:13  SCV x2  
  35  4:33  Marine x3  
  35  4:34  Siege Tank  
  35  4:35  Starport Reactor  
  35  4:38  SCV  
  42  4:46  SCV  
  42  4:50  SCV, Marine  
  42  4:51  Marine  
  46  4:55  Marine  
  46  4:57  Refinery, Supply Depot  
  46  5:02  SCV  
  43  5:08  Marine  
  43  5:10  Engineering Bay  
  43  5:13  SCV  
  45  5:14  SCV  
  45  5:20  Marine  
  46  5:32  Supply Depot  
  46  5:50  SCV x2, Marine x3, Medivac  
  46  5:53  Medivac  
  46  5:55  Missile Turret  
  46  5:56  Siege Tank  
  58  6:02  SCV x2  
  58  6:07  Marine x2  
  59  6:14  SCV x2  
  59  6:17  Missile Turret  
  59  6:18  Missile Turret  
  61  6:19  Missile Turret  
  60  6:29  Stimpack  
  57  6:35  Marine x3  
  60  6:43  Siege Tank  
  63  6:48  SCV x2  
  63  6:53  Marine  
  66  6:57  Marine x2  
  66  6:58  Medivac  
  70  7:15  Supply Depot  
  70  7:18  Supply Depot  
  70  7:19  SCV  
  70  7:20  SCV  
  70  7:25  Missile Turret  
  70  7:36  Medivac, Marine x3, Siege Tank, Supply Depot  
  78  7:40  SCV x2  
  74  7:52  SCV  
  74  7:54  Missile Turret, Marine  
  74  7:56  SCV  
  74  7:57  Marine  
  75  8:04  SCV  
  76  8:08  SCV  
  76  8:10  Marine  
  76  8:11  Missile Turret  
  78  8:16  SCV  
  79  8:20  SCV  
  49  8:50  SCV  
  49  8:51  SCV  
  51  8:55  Marine  
  51  8:56  Marine x2, Siege Tank, Medivac  
  51  9:01  Command Center  
  59  9:02  SCV  
  59  9:03  SCV, Refinery  
  61  9:13  Marine  
  59  9:20  SCV x2, Marine  
  59  9:21  Marine  
  63  9:30  Medivac, Siege Tank  
  68  9:31  Marine  
  69  9:38  Marine  
  69  9:41  Barracks  
  69  9:42  Barracks  
  70  10:00  Marine x2  
  70  10:01  Marine  
  70  10:02  Medivac x2  
  77  10:19  SCV  
  77  10:20  SCV, Marine x3  
  82  10:23  Orbital Command  
  82  10:28  Terran Infantry Weapons Level 1  
  82  10:32  Medivac  
  84  10:38  Marine x2  
  85  10:47  Orbital Command  
  80  10:50  SCV x2  
  80  10:53  Marine  
  80  10:54  Barracks Reactor  
  80  10:56  Barracks Reactor  
  83  11:02  SCV  
  83  11:03  Marine x2  
  83  11:04  Medivac, Siege Tank  
  89  11:06  Barracks  
  89  11:09  Barracks  
  89  11:10  Marine  
  87  11:19  SCV x2  
  87  11:20  Marine  
  87  11:21  Marine  
  89  11:28  Marine  
  89  11:30  Medivac  
  92  11:33  Marine x2  
  92  11:34  Marine x2, Medivac  
  92  11:36  Siege Tank  
  92  11:38  Marine  
  102  11:40  Armory  
  102  11:44  Engineering Bay  
  102  11:53  Marine x2  
  102  11:54  Marine x4  
  108  11:56  Marine  
  108  11:58  Sensor Tower  
  109  12:15  Marine  
  109  12:16  Supply Depot  
  109  12:17  SCV x2  
  111  12:29  SCV  
  112  12:32  SCV  
  112  12:33  Marine  
  109  12:41  SCV  
  106  12:54  Marine x6  
  106  12:55  Medivac x2  
  119  13:01  Barracks Tech Lab x2  
  119  13:04  Barracks Reactor  
  119  13:10  Sensor Tower  
Tags
 
Add a new tag
Caveats
  • Supply blocks, unpowered buildings, or Contaminate may cause inaccurate times.
  • Supply counts are checked every 10 seconds.